 Dungeon Crawl Stone Soup version 0.31-a0-931-g7b59d4eb97 (webtiles) character file.

Game seed: 14670147816958457954

379 pokeman the Magician (level 6, -2/34 HPs)
             Began as a Deep Elf Hedge Wizard on Oct 19, 2023.
             Slain by a water moccasin (7 damage)
             ... on level 4 of the Dungeon.
             The game lasted 00:05:09 (3755 turns).

pokeman the Magician (Deep Elf Hedge Wizard)        Turns: 3755, Time: 00:05:10

Health: -2/34      AC:  2    Str:  7    XL:     6   Next: 45%
Magic:  16/18      EV: 13    Int: 21    God:
Gold:   139        SH:  0    Dex: 14    Spells: 11/19 levels left

rFire   . . .        y - +2 dagger (elec)
rCold   + . .        (no shield)
rNeg    . . .        b - +0 robe
rPois   .            c - +0 hat
rElec   .            (no cloak)
rCorr   .            (no gloves)
SInv    .            (no boots)
Will    .....        (no amulet)
Stlth   ++           w - ring of protection from cold
HPRegen 0.25/turn    (no ring)
MPRegen 0.16/turn

%: no passive effects
@: no status effects
A: no striking features
a: no special abilities


You were on level 4 of the Dungeon.
You visited 1 branch of the dungeon, and saw 4 of its levels.

You collected 139 gold pieces.

Inventory:

Hand Weapons
 y - a +2 dagger of electrocution (weapon)
Armour
 b - a +0 robe (worn)
 c - a +0 hat (worn)
Jewellery
 q - an amulet of guardian spirit
 w - a ring of protection from cold (left hand)
Wands
 x - a wand of flame (12)
Scrolls
 e - 2 scrolls of teleportation {unknown}
 h - 5 scrolls of identify {unknown}
 i - 2 scrolls of vulnerability {unknown}
 j - 2 scrolls of enchant weapon {unknown}
 k - a scroll of poison {unknown}
 l - a scroll of fog {unknown}
 o - a scroll of fear {unknown}
 t - a scroll of torment {unknown}
 z - a scroll of enchant armour {unknown}
Potions
 a - a potion of mutation {unknown}
 d - 2 potions of magic
 f - a potion of attraction {unknown}
 g - 3 potions of enlightenment {unknown}
 m - 2 potions of degeneration {unknown}
 n - a potion of lignification {unknown}
 p - a potion of cancellation {unknown}
 r - a potion of brilliance {unknown}
 s - 2 potions of heal wounds {unknown}
 u - a potion of might {unknown}
 v - a potion of haste {unknown}


   Skills:
 + Level 1.4 Fighting
 - Level 1.0 Armour
 - Level 3.0 Dodging
 - Level 3.0 Stealth
 * Level 7.1 Spellcasting
 + Level 3.3 Conjurations
 - Level 1.1 Summonings
 - Level 1.1 Translocations
 - Level 1.0 Air Magic
 - Level 1.1 Poison Magic
 - Level 1.0 Evocations


You had 11 spell levels left.
You knew the following spells:

 Your Spells              Type           Power      Damage    Failure   Level
a - Magic Dart            Conj           84%        1d7       2%          1
b - Mephitic Cloud        Conj/Pois/Air  15%        N/A       12%         3
c - Call Imp              Summ           24%        N/A       9%          2
d - Blink                 Tloc           24%        N/A       9%          2

Your spell library contained the following spells:

 Spells                   Type           Power      Damage    Failure   Level
 Slow                     Hex            28%        N/A       9%          1
 Cigotuvi's Dreadful Rot  Necr/Pois/Air  20%        N/A       10%         2


Dungeon Overview and Level Annotations

Branches:
Dungeon (4/15)
 Temple: D:4-7

Altars:
Sif Muna


Message History

The hound bites you.
You hit the hound. Lightning courses through the hound!!
You kill the hound!
You barely miss the endoplasm.
Your cerulean imp hits the endoplasm with a -3 spear.
The endoplasm completely misses you.
Unknown command.
You hit the endoplasm.
Lightning courses through the endoplasm!
You kill the endoplasm!
Your cerulean imp completely misses the water moccasin.
Unknown command.
You miss the water moccasin. The water moccasin closely misses you.
Your cerulean imp closely misses the water moccasin.
Unknown command.
You barely miss the water moccasin. The water moccasin bites you!
Your cerulean imp hits the water moccasin but does no damage.
The water moccasin bites you!
* * * LOW HITPOINT WARNING * * *
Unknown command.
The water moccasin attacks as it pursues you!
The water moccasin bites you.
* * * LOW HITPOINT WARNING * * *
Your cerulean imp hits the water moccasin with a -3 spear.
Unknown command.
Casting: Call Imp (safe; 9% risk of failure)
Confirm with . or Enter, or press ? or * to list all spells.
You blink.
Your cerulean imp hits the water moccasin but does no damage.
The phantom hits your cerulean imp.
Your cerulean imp closely misses the phantom.
Your cerulean imp hits the phantom with a -3 spear.
The endoplasm barely misses your cerulean imp.
Your cerulean imp hits the phantom with a -3 spear.
The phantom completely misses your cerulean imp.
Something hits your cerulean imp but does no damage.
You feel ready to blink again.
The water moccasin attacks as it pursues you!
The water moccasin bites you!
You die...

##.....5..###..)..#
####(...W....#
#.#.###
+...........#+
#.#.# #.........#
#.#.#
##........###...#
+#........##...#
#...#+#...'...#
#S.## #####.###
#@## #.# #.# #.#
#+# #.# ..# .## .


You could see a water moccasin and a phantom.

Vanquished Creatures
  A scorpion (D:4)
  A hound (D:4)
  3 orc priests (D:3)
  Jessica (D:2)
  3 orc wizards (D:3)
  2 adders
  3 worms
  7 orcs (D:3)
  5 ball pythons
  4 bats
  6 endoplasms
  3 giant cockroaches
  2 goblins
  6 hobgoblins
  2 quokkas (D:1)
  13 frilled lizards (D:1)
  5 kobolds
  8 rats
75 creatures vanquished.

Vanquished Creatures (collateral kills)
  An orc (D:3)
1 creature vanquished.

Grand Total: 76 creatures vanquished

Notes
Turn   | Place    | Note
-------+----------+-------------------------------------------
     0 | D:1      | pokeman the Deep Elf Hedge Wizard began the quest for the
                  | Orb.
     0 | D:1      | Reached XP level 1. HP: 10/10 MP: 7/7
   493 | D:1      | Reached XP level 2. HP: 16/16 MP: 4/9
   924 | D:1      | Reached skill level 5 in Spellcasting
  1338 | D:2      | Reached XP level 3. HP: 20/20 MP: 8/11
  1342 | D:2      | Learned a level 3 spell: Mephitic Cloud
  1345 | D:2      | Learned a level 2 spell: Call Imp
  1348 | D:2      | Learned a level 2 spell: Blink
  1443 | D:2      | Found a faded altar of an unknown god.
  1464 | D:2      | Noticed Jessica
  1468 | D:2      | Killed Jessica
  1469 | D:2      | Reached skill level 1 in Fighting
  1469 | D:2      | Reached skill level 1 in Armour
  1899 | D:2      | Reached XP level 4. HP: 25/25 MP: 4/13
  2498 | D:3      | Reached skill level 6 in Spellcasting
  2498 | D:3      | Reached XP level 5. HP: 23/29 MP: 2/15
  2875 | D:3      | Found a shimmering blue altar of Sif Muna.
  3035 | D:3      | Reached skill level 1 in Air Magic
  3035 | D:3      | Reached skill level 1 in Poison Magic
  3054 | D:3      | Reached XP level 6. HP: 30/34 MP: 12/17
  3682 | D:4      | Reached skill level 7 in Spellcasting
  3682 | D:4      | Reached skill level 1 in Evocations
  3738 | D:4      | Noticed a water moccasin
  3755 | D:4      | Slain by a water moccasin

Illustrated notes

Levels and vault maps discovered:
D:1:      minmay_arrival_widening_spiral_wide, layout_basic, minmay_lizard_king
D:2:      layout_rooms, shapermc_ecumenical_altar_acropolis, uniq_jessica
D:3:      layout_loops_cross, kennysheep_orc_sif_temple
D:4:      layout_basic, minmay_pentangle

Skill      XL: |  1  2  3  4  5  6 |
---------------+-------------------+-----
Spellcasting   | 5 6 7 |  7.1
Fighting       | 1 |  1.4
Armour         | 1 |  1.0
Conjurations   | 2 3 |  3.3
Dodging        | 3 |  3.0
Stealth        | 3 |  3.0
Air Magic      | 1 |  1.0
Poison Magic   | 1 |  1.1
Evocations     | 1 |  1.0
Summonings     | |  1.1
Translocations | |  1.1

Action                     |  1- 3 |  4- 6 || total
---------------------------+-------+-------++-------
  Melee: Dagger            |       |    39 ||    39
         Punch             |       |     1 ||     1
   Cast: Magic Dart        |    97 |    78 ||   175
         Mephitic Cloud    |       |     7 ||     7
         Call Imp          |       |     2 ||     2
         Blink             |       |     1 ||     1
   Stab: Confused          |       |     5 ||     5
 Armour: Robe              |     2 |    29 ||    31
  Dodge: Dodged            |     8 |    16 ||    24

Table legend: (Time is in decaauts)
 A = Elapsed time spent in this place.
 B = Non-inter-level travel time spent in this place.
 C = Inter-level travel time spent in this place.
 D = Time resting spent in this place.
 E = Time spent auto-exploring this place.
 F = Levels seen in this place.
 G = Mean time per level.
                   A        B        C        D        E       F      G
               +--------+--------+--------+--------+--------+-----+--------+
         Total |   3761 |   3638 |    123 |     93 |   3114 |   4 |  940.2 |
       Dungeon |   3761 |   3638 |    123 |     93 |   3114 |   4 |  940.2 |
               +--------+--------+--------+--------+--------+-----+--------+

Top non-repeatable levels by time:
     D:3: 1486 daAuts
     D:1: 1272 daAuts
     D:2: 882 daAuts
     D:4: 119 daAuts
